[Event "Titled Tuesday Blitz January 25 2022"]
[White "Di Nicolantonio, Lucas"]
[Black "Brodowski, Piotr"]
[WhiteFideId "680460"]
[BlackFideId "1124480"]
[WhiteElo "2381"]
[BlackElo "2422"]
[Result "0-1"]
[Round "10"]
[TimeControl "180+1"]
[Date "2022.01.26"]
[WhiteClock "0:00:06"]
[BlackClock "0:00:05"]

1. e4 d6 2. d4 g6 3. Nc3 Bg7 4. Bg5 Nd7 5. Qd2 c5 6. Nf3 cxd4 7. Nxd4 h6 8. Be3 Ngf6 9. f3 a6 10. O-O-O Qc7 11. Kb1 b5 12. Bd3 Bb7 13. Rhe1 Nc5 14. Bf1 b4 15. Nce2 Rb8 16. Nb3 Na4 17. Bd4 O-O 18. g4 Rfc8 19. Rc1 a5 20. h4 d5 21. e5 Ne8 22. f4 Nb6 23. Nxa5 Nc4 24. Nxc4 dxc4 25. Qe3 c3 26. b3 Ra8 27. Rcd1 Rxa2 28. Kxa2 Ra8+ 29. Kb1 Qa5 30. Bxc3 bxc3 31. Qxc3 Qa2+ 32. Kc1 Nd6 33. Qb2 Qa7 34. Nd4 Ne4 35. Bg2 Nf2 36. Bxb7 Qxb7 37. Rd2 Nxg4 38. c4 g5 39. hxg5 hxg5 40. Nf5 Bh8 41. Rh1 Qxh1+ 42. Rd1 Qb7 43. fxg5 Bxe5 44. Nh6+ Kf8 45. Qe2 Ra1+ 46. Kd2 Ra2+ 47. Kc1 Rxe2 48. Rd8+ Kg7 49. Nf5+ Kg6 50. Nh4+ Kxg5 51. Rg8+ Kf4 0-1


[Site "https://www.chess.com"]

[Event "Titled Tuesday Blitz January 25 2022"]
[White "Donchenko, Alexander"]
[Black "Siva Mahadevan"]
[WhiteFideId "24603295"]
[BlackFideId "25043153"]
[WhiteElo "2539"]
[BlackElo "2203"]
[Result "1-0"]
[Round "10"]
[TimeControl "180+1"]
[Date "2022.01.26"]
[WhiteClock "0:00:09"]
[BlackClock "0:00:02"]

1. c4 Nf6 2. g3 g6 3. Bg2 Bg7 4. Nc3 O-O 5. e4 d6 6. Nge2 e5 7. d3 Nc6 8. O-O Nh5 9. Nd5 f5 10. exf5 Bxf5 11. h3 Be6 12. Be3 Qd7 13. Kh2 Rf7 14. Qd2 Raf8 15. f4 Kh8 16. Rae1 a6 17. b4 Nd4 18. Nxd4 exd4 19. Bg1 Re8 20. g4 Nf6 21. Nxf6 Bxf6 22. f5 gxf5 23. gxf5 Bxf5 24. Rxe8+ Qxe8 25. Rxf5 Be5+ 26. Rxe5 Qxe5+ 27. Kh1 c5 28. Bh2 Qe3 29. Qd1 Rf6 30. a3 b5 31. Bg1 Qf4 32. cxb5 axb5 33. Qh5 cxb4 34. axb4 Qe5 35. Qg4 Rf4 36. Qc8+ Kg7 37. Qd7+ Kg6 38. Qd8 Qe6 39. Qa8 h5 40. Qh8 Qf7 41. Qb8 Qe6 42. Qxb5 Qe2 43. Qd5 Rf6 44. Qxd4 Re6 45. Be4+ Kf7 46. Bd5 Qf1 47. Qf2+ 1-0


[Site "https://www.chess.com"]

[Event "Titled Tuesday Blitz January 25 2022"]
[White "Eljanov, Pavel"]
[Black "Michelakos, Panagiotis"]
[WhiteFideId "14102951"]
[BlackFideId "4216067"]
[WhiteElo "2601"]
[BlackElo "2140"]
[Result "0-1"]
[Round "10"]
[TimeControl "180+1"]
[Date "2022.01.26"]
[WhiteClock "0:01:02"]
[BlackClock "0:00:06"]

1. c4 c5 2. g3 Nc6 3. Bg2 g6 4. Nc3 Bg7 5. Nf3 e5 6. d3 Nge7 7. Nd2 f5 8. a3 O-O 9. Rb1 a5 10. Nf1 d6 11. Bg5 Be6 12. Ne3 h6 13. Bxe7 Qxe7 14. Ned5 Qf7 15. Nb5 Rad8 16. O-O Rd7 17. b4 axb4 18. axb4 cxb4 19. Nxb4 Nxb4 20. Rxb4 d5 21. cxd5 Bxd5 22. Bxd5 Qxd5 23. Nc3 Qf7 24. Qb3 Qxb3 25. Rxb3 Rc8 26. Na4 Rc2 27. Re1 e4 28. dxe4 fxe4 29. Kf1 h5 30. h4 Rf7 31. Rb4 b5 32. Nb6 Bc3 33. Rxb5 Bxe1 34. Kxe1 Rc1+ 35. Kd2 Rf1 36. Nc4 R1xf2 37. Nd6 Rd7 38. Rb8+ Rf8 0-1


[Site "https://www.chess.com"]

[Event "Titled Tuesday Blitz January 25 2022"]
[White "Erdogdu, Mert"]
[Black "Romanchuk, Viktor"]
[WhiteFideId "6301495"]
[BlackFideId "14109271"]
[WhiteElo "2485"]
[BlackElo "2242"]
[Result "1-0"]
[Round "10"]
[TimeControl "180+1"]
[Date "2022.01.26"]
[WhiteClock "0:00:06"]
[BlackClock "0:00:04"]

1. e4 e6 2. d4 d5 3. exd5 exd5 4. c4 dxc4 5. Bxc4 Bd6 6. Nc3 Nf6 7. Nf3 O-O 8. O-O Nc6 9. h3 h6 10. Qd3 Na5 11. Bb5 Be6 12. Re1 a6 13. Ba4 Bc4 14. Qd1 b5 15. Bc2 Re8 16. Ne5 Be6 17. Bf4 Nc4 18. Rb1 c5 19. dxc5 Bxc5 20. Qf3 Nxe5 21. Bxe5 Be7 22. Rbd1 Qb6 23. Ne4 Nxe4 24. Qxe4 g6 25. Bd4 Bc5 26. Bxc5 Qxc5 27. b4 Qc4 28. a3 a5 29. Rd4 Qa2 30. Re3 axb4 31. axb4 Ra3 32. Rxa3 Qxa3 33. Kh2 Qa8 34. Qf4 Qb8 35. Qxb8 Rxb8 36. Bd3 Kf8 37. Kg3 Ke7 38. Kf4 g5+ 39. Ke3 f6 40. h4 Rb6 41. g3 Bd7 42. f4 Re6+ 43. Kd2 Rd6 44. Kc3 Rc6+ 45. Kd2 Rd6 46. Re4+ Re6 47. Kc3 Rxe4 48. Bxe4 Kd6 49. Kd4 gxf4 50. gxf4 Be8 51. Bf5 Bc6 52. Bc8 Be8 53. Bb7 Bd7 54. Bd5 Be8 55. Bg8 Bc6 56. Bf7 Bd7 57. Ke4 Ke7 58. Bd5 Kd6 59. Bg8 1-0


[Site "https://www.chess.com"]

[Event "Titled Tuesday Blitz January 25 2022"]
[White "Ezat, Mohamed"]
[Black "Bryakin, Mikhail"]
[WhiteFideId "10600906"]
[BlackFideId "4165314"]
[WhiteElo "2386"]
[BlackElo "2421"]
[Result "1-0"]
[Round "10"]
[TimeControl "180+1"]
[Date "2022.01.26"]
[WhiteClock "0:00:05"]
[BlackClock "0:00:01"]

1. d4 Nf6 2. c4 c5 3. d5 e6 4. Nc3 exd5 5. cxd5 d6 6. e4 g6 7. f4 Bg7 8. Bb5+ Nfd7 9. Be2 O-O 10. Nf3 a6 11. a4 Re8 12. O-O b6 13. Kh1 Bb7 14. Bd2 Qc7 15. Be1 Nf8 16. e5 Nbd7 17. Bg3 c4 18. Rc1 dxe5 19. d6 Qc5 20. fxe5 b5 21. axb5 axb5 22. b4 Qxb4 23. Nxb5 Qxb5 24. Bxc4 Qa4 25. Bb3 Qa3 26. Ng5 Ne6 27. Rxf7 Ndc5 28. Rxb7 Nxb7 29. Bxe6+ Kh8 30. Nf7+ Kg8 31. Ng5+ Kh8 32. d7 Rf8 33. Nf7+ Kg8 34. Nd6+ Kh8 35. Nxb7 Qe7 36. Bh3 Bxe5 37. Qe2 Bf6 38. Qxe7 Bxe7 39. Nc5 Rab8 40. Be5+ 1-0


[Site "https://www.chess.com"]

[Event "Titled Tuesday Blitz January 25 2022"]
[White "Gaehwiler, Gabriel"]
[Black "Agasarov, Benik"]
[WhiteFideId "1314530"]
[BlackFideId "13314823"]
[WhiteElo "2383"]
[BlackElo "2588"]
[Result "1-0"]
[Round "10"]
[TimeControl "180+1"]
[Date "2022.01.26"]
[WhiteClock "0:00:05"]
[BlackClock "0:00:01"]

1. d4 d5 2. c4 dxc4 3. e3 Nf6 4. Bxc4 e6 5. Nf3 a6 6. a4 c5 7. O-O Nc6 8. Nc3 cxd4 9. exd4 Bb4 10. Bg5 h6 11. Bh4 O-O 12. Bd3 Be7 13. Re1 Nb4 14. Bb1 Nbd5 15. Bd3 Bd7 16. Rc1 Rc8 17. Ne5 Bc6 18. Bb1 Nxc3 19. bxc3 Qd5 20. f3 Rfd8 21. Qd3 Kf8 22. Bc2 Be8 23. Bf2 b5 24. Rb1 bxa4 25. c4 Qa5 26. Ra1 a3 27. Red1 Qc7 28. Bb3 a5 29. Qe2 a4 30. Ba2 Nd7 31. Nd3 Nb6 32. Rac1 Kg8 33. Rc2 Bf6 34. Nb4 Qe7 35. c5 Nd5 36. Bxd5 exd5 37. Qxe7 Bxe7 38. Ra1 Bb5 39. Rxa3 Bf6 40. g4 Rb8 41. Rd2 Bg5 42. Rc2 Be8 43. Nd3 Rb1+ 44. Kg2 Bb5 45. h4 Bf6 46. Ne5 Bxe5 47. dxe5 d4 48. c6 d3 49. Rd2 Bxc6 50. Rdxd3 Rxd3 51. Rxd3 Rb3 52. Rxb3 axb3 53. Bd4 Kf8 54. Kg3 Ke7 55. f4 Ke6 56. f5+ Kd5 57. Bb2 Kc4 58. Kf4 Kd3 59. e6 fxe6 60. fxe6 g6 61. Ke5 Kc2 62. Bd4 b2 63. Bxb2 Kxb2 64. g5 hxg5 65. hxg5 Kc2 66. Kf6 Be8 67. Ke7 Bb5 68. Kf7 Bc4 69. Kf6 Bd3 70. e7 Bb5 71. Kxg6 Kd3 72. Kf7 Ke4 73. g6 Bc4+ 74. Kf8 Bb5 75. g7 Kf5 76. g8=Q Bc4 77. Qxc4 1-0


[Site "https://www.chess.com"]

[Event "Titled Tuesday Blitz January 25 2022"]
[White "Garriga Cazorla, Pere"]
[Black "Costachi, Mihnea"]
[WhiteFideId "32011601"]
[BlackFideId "1217518"]
[WhiteElo "2458"]
[BlackElo "2464"]
[Result "0-1"]
[Round "10"]
[TimeControl "180+1"]
[Date "2022.01.26"]
[WhiteClock "0:02:17"]
[BlackClock "0:02:00"]

1. d4 Nf6 2. c4 g6 3. Nc3 d5 4. cxd5 Nxd5 5. e4 Nxc3 6. bxc3 c5 7. Bb5+ Bd7 8. Be2 Bg7 9. Be3 cxd4 10. cxd4 Qa5+ 11. Qd2 Qxd2+ 12. Kxd2 Nc6 13. Nf3 Bg4 14. Bb5 O-O 15. Bxc6 bxc6 16. Rac1 Rfd8 17. e5 Bxf3 18. gxf3 Bxe5 19. Kd3 Bxd4 20. Bxd4 e5 21. Rc4 exd4 22. Rxd4 Rxd4+ 23. Kxd4 Rd8+ 24. Kc5 Rd2 25. Ra1 Rxf2 26. Kxc6 Rxf3 27. a4 a5 28. Rb1 Rf4 29. Kb5 Rf5+ 30. Kb6 h5 31. Ka6 h4 32. Rb5 Rf2 33. h3 Rf3 34. Kxa5 Rxh3 35. Kb6 Ra3 36. a5 h3 37. Rb2 g5 38. a6 g4 39. a7 g3 40. Rb5 g2 41. Rg5+ Kf8 42. Ra5 g1=Q+ 0-1


[Site "https://www.chess.com"]

[Event "Titled Tuesday Blitz January 25 2022"]
[White "Gelman, Alexander"]
[Black "Pajeken, Jakob Leon"]
[WhiteFideId "4118316"]
[BlackFideId "12942839"]
[WhiteElo "2375"]
[BlackElo "2351"]
[Result "1-0"]
[Round "10"]
[TimeControl "180+1"]
[Date "2022.01.26"]
[WhiteClock "0:00:40"]
[BlackClock "0:00:17"]

1. d4 d5 2. Nc3 Nf6 3. Bf4 c5 4. e3 cxd4 5. exd4 a6 6. Nf3 Nc6 7. Ne5 e6 8. Nxc6 bxc6 9. Qf3 Bd6 10. O-O-O Qc7 11. Bg5 Be7 12. Bd3 h6 13. Bf4 Bd6 14. Bxd6 Qxd6 15. Na4 Qb4 16. Nc3 Qxd4 17. Qg3 Qg4 18. Qd6 Bd7 19. Rhe1 Nh5 20. g3 Qg5+ 21. f4 Qe7 22. Qe5 Nf6 23. g4 O-O 24. g5 Ng4 25. Qe2 d4 26. Qe4 f5 27. Qxd4 hxg5 28. h3 Nh6 29. fxg5 Qxg5+ 30. Kb1 Rf7 31. Bc4 Re8 32. Bxa6 f4 33. Rg1 Qh5 34. Ne4 e5 35. Qc5 f3 36. Bc4 Be6 37. Qxc6 Rfe7 38. Nf6+ 1-0


[Site "https://www.chess.com"]

[Event "Titled Tuesday Blitz January 25 2022"]
[White "Golubev, Mikhail"]
[Black "Ronka, Erik"]
[WhiteFideId "14100983"]
[BlackFideId "505080"]
[WhiteElo "2374"]
[BlackElo "2264"]
[Result "1-0"]
[Round "10"]
[TimeControl "180+1"]
[Date "2022.01.26"]
[WhiteClock "0:00:42"]
[BlackClock "0:00:01"]

1. e4 c5 2. Nf3 d6 3. d4 Nf6 4. Nc3 cxd4 5. Nxd4 g6 6. Be3 Bg7 7. f3 O-O 8. Qd2 Nc6 9. O-O-O d5 10. exd5 Nxd5 11. Nxc6 bxc6 12. Bd4 Bxd4 13. Qxd4 Qb6 14. Na4 Qc7 15. Bc4 Rd8 16. g3 Bf5 17. Bb3 Nb6 18. Qc3 h5 19. Nc5 Rxd1+ 20. Rxd1 Rd8 21. Re1 Nd5 22. Qe5 Qb6 23. Ne4 Bxe4 24. fxe4 Ne3 25. Qf4 Ng2 26. Qxf7+ Kh8 27. Qxg6 Qe3+ 28. Rxe3 1-0


[Site "https://www.chess.com"]

[Event "Titled Tuesday Blitz January 25 2022"]
[White "Golubka, Petro"]
[Black "Vasquez Schroeder, Rodrigo"]
[WhiteFideId "14114224"]
[BlackFideId "3400042"]
[WhiteElo "2392"]
[BlackElo "2568"]
[Result "0-1"]
[Round "10"]
[TimeControl "180+1"]
[Date "2022.01.26"]
[WhiteClock "0:01:27"]
[BlackClock "0:01:08"]

1. e4 c5 2. Nf3 d6 3. c3 Nf6 4. Bd3 Bg4 5. h3 Bh5 6. O-O Nc6 7. Re1 e6 8. Bc2 d5 9. e5 Nd7 10. d4 Bxf3 11. Qxf3 cxd4 12. Bf4 Be7 13. Qg3 g6 14. Nd2 dxc3 15. bxc3 Bh4 16. Qe3 Qb6 17. Qe2 O-O 18. Rab1 Qc7 19. Nf3 Be7 20. h4 Nc5 21. h5 Rad8 22. Bh6 Rfe8 23. Ng5 Bf8 24. Bxf8 Rxf8 25. Qg4 Nxe5 26. Qg3 f6 27. Nh3 g5 28. Nxg5 Kh8 29. Nxh7 Rg8 30. Qf4 Qg7 31. g3 Ncd3 32. Qxf6 Nxe1 33. Rxe1 Qxf6 34. Nxf6 Nf3+ 35. Kf1 Nxe1 36. Kxe1 Rgf8 37. Ng4 d4 38. c4 d3 39. Bd1 Rd4 40. Ne5 Re4+ 0-1


[Site "https://www.chess.com"]

[Event "Titled Tuesday Blitz January 25 2022"]
[White "Guliev, Logman"]
[Black "Djordjevic, Vuk"]
[WhiteFideId "13400061"]
[BlackFideId "902098"]
[WhiteElo "2128"]
[BlackElo "2463"]
[Result "0-1"]
[Round "10"]
[TimeControl "180+1"]
[Date "2022.01.26"]
[WhiteClock "0:01:18"]
[BlackClock "0:01:21"]

1. e4 d5 2. exd5 c6 3. dxc6 Nxc6 4. Nf3 e5 5. Bb5 e4 6. Ne5 Qd5 7. Nxc6 Qxb5 8. Nd4 Qg5 9. O-O Bh3 10. g3 Qd5 11. c3 Bxf1 12. Qxf1 Nf6 13. d3 Bc5 14. Nb5 Bxf2+ 15. Qxf2 Qxb5 16. dxe4 Nxe4 17. Qe3 O-O 18. Na3 Qf5 19. Bd2 Rfe8 20. Rf1 Qd5 21. Be1 Ng5 0-1


[Site "https://www.chess.com"]

[Event "Titled Tuesday Blitz January 25 2022"]
[White "Gunina, Valentina"]
[Black "Demchenko, Anton"]
[WhiteFideId "4167570"]
[BlackFideId "4160258"]
[WhiteElo "2465"]
[BlackElo "2539"]
[Result "1-0"]
[Round "10"]
[TimeControl "180+1"]
[Date "2022.01.26"]
[WhiteClock "0:00:17"]
[BlackClock "0:00:08"]

1. d4 Nf6 2. c4 g6 3. Nc3 Bg7 4. e4 d6 5. Be2 O-O 6. Be3 Na6 7. Nf3 e5 8. O-O c6 9. d5 Ng4 10. Bg5 f6 11. Bc1 c5 12. Ne1 Nh6 13. Nd3 Nf7 14. f4 exf4 15. Bxf4 Qe7 16. Qe1 Nb4 17. Nxb4 cxb4 18. Nb5 a6 19. Nd4 f5 20. Ne6 Bxe6 21. dxe6 Ne5 22. exf5 Rxf5 23. Qxb4 Qxe6 24. Qxb7 Raf8 25. Bg3 Nxc4 26. Rxf5 gxf5 27. Bf3 Ne3 28. Re1 f4 29. Bf2 Kh8 30. Qb6 Qxa2 31. Qxd6 a5 32. Bh4 Qxb2 33. Be7 Rb8 34. Qxf4 Nc2 35. Rd1 Nd4 36. h3 Nxf3+ 37. Qxf3 Re8 38. Bh4 a4 39. Qf7 Qb6+ 40. Bf2 Qg6 41. Qa7 Qc6 42. Bg3 Rg8 43. Rd7 Qc2 44. Kh2 Qg6 45. Qxa4 Bf6 46. Qb3 Rg7 47. Rxg7 Qxg7 48. Qb8+ Qg8 49. Qd6 Qf7 50. Bf4 Kg8 51. Qd3 h5 52. Qf5 Kg7 53. Bg5 Bxg5 54. Qxg5+ Kh7 55. Kg3 Kh8 56. Kh4 Qf2+ 57. Kxh5 Qf7+ 58. Kh4 Qf2+ 59. Kh5 Qf7+ 60. Kg4 Qe6+ 61. Kg3 Qd6+ 62. Qf4 Qd3+ 63. Kh2 Qe2 64. Qh4+ Kg7 65. Qg4+ Qxg4 66. hxg4 Kg6 67. Kg3 Kg5 68. Kf3 Kh4 69. g5 Kxg5 70. Kg3 Kf5 71. Kh4 Kf4 72. g4 Ke5 73. Kg5 Ke6 74. Kh6 Kf7 1-0


[Site "https://www.chess.com"]

[Event "Titled Tuesday Blitz January 25 2022"]
[White "Hasangatin, Ramil"]
[Black "Vovk, Orest"]
[WhiteFideId "4122160"]
[BlackFideId "14113490"]
[WhiteElo "2375"]
[BlackElo "2203"]
[Result "0-1"]
[Round "10"]
[TimeControl "180+1"]
[Date "2022.01.26"]
[WhiteClock "0:00:24"]
[BlackClock "0:00:06"]

1. e4 g5 2. d4 h6 3. Nc3 Bg7 4. Be3 c5 5. dxc5 Bxc3+ 6. bxc3 Nc6 7. Bc4 Qa5 8. Qd2 Nf6 9. f3 b6 10. cxb6 axb6 11. Ne2 Ba6 12. Bd3 Ne5 13. O-O Nc4 14. Bxc4 Bxc4 15. Rfd1 Bxe2 16. Qxe2 d6 17. Qd2 Nd7 18. Bd4 f6 19. a4 Rc8 20. Rdb1 O-O 21. Rb5 Qa6 22. h4 Ne5 23. hxg5 hxg5 24. Qe3 Rc6 25. Qe2 Rfc8 26. Kf2 Rc4 27. Rxb6 Qa5 28. Rb5 Qd8 29. Rb4 Rxc3 30. Bxc3 Rxc3 31. a5 Qc8 32. Ra2 Qc5+ 33. Kg3 Qxb4 34. a6 Rc8 35. a7 Ra8 36. Qa6 Qe1+ 37. Kh2 Kg7 0-1


[Site "https://www.chess.com"]

[Event "Titled Tuesday Blitz January 25 2022"]
[White "Havanecz, Bianka"]
[Black "Moskalenko, Alexander"]
[WhiteFideId "704814"]
[BlackFideId "4155351"]
[WhiteElo "2400"]
[BlackElo "2515"]
[Result "0-1"]
[Round "10"]
[TimeControl "180+1"]
[Date "2022.01.26"]
[WhiteClock "0:00:13"]
[BlackClock "0:00:40"]

1. d4 d5 2. c4 e5 3. dxe5 d4 4. a3 Nc6 5. Nf3 Nge7 6. e3 Bg4 7. exd4 Bxf3 8. Qxf3 Nxd4 9. Qd1 Qd7 10. Nc3 O-O-O 11. Be2 Nxe2 12. Qxd7+ Rxd7 13. Kxe2 Nc6 14. f4 Nd4+ 15. Kf2 Nc2 16. Rb1 Bc5+ 17. Kf3 Nxa3 18. bxa3 Rd3+ 19. Kg4 h5+ 20. Kf5 Rxc3 21. Bb2 Rxc4 22. g3 Be7 23. e6 g6+ 24. Ke5 f6+ 25. Kd5 Rc5+ 26. Ke4 f5+ 27. Kf3 Re8 28. Rhe1 Rb5 29. a4 Rb3+ 30. Kf2 Bb4 31. Re2 Bc5+ 32. Kg2 Bd4 33. Kf1 Rxb2 34. Rbxb2 Bxb2 35. Rxb2 Rxe6 36. Rb4 c5 37. Rc4 b6 38. Kf2 Kd7 39. a5 Kc6 40. axb6 axb6 41. Rc1 b5 42. Kf3 c4 43. h3 Kc5 44. g4 hxg4+ 45. hxg4 b4 46. gxf5 gxf5 47. Rg1 c3 48. Rg5 b3 49. Rxf5+ Kc4 50. Rf8 b2 51. Rc8+ Kd3 52. Rd8+ Kc2 53. f5 Rf6 54. Ke4 b1=Q 55. Ke5 Qb6 0-1


[Site "https://www.chess.com"]

[Event "Titled Tuesday Blitz January 25 2022"]
[White "Hirneise, Jens"]
[Black "Vakhlamov, Igor L."]
[WhiteFideId "24614734"]
[BlackFideId "24126748"]
[WhiteElo "2323"]
[BlackElo "2401"]
[Result "0-1"]
[Round "10"]
[TimeControl "180+1"]
[Date "2022.01.26"]
[WhiteClock "0:00:43"]
[BlackClock "0:02:05"]

1. e4 c5 2. b3 Nc6 3. Bb2 a6 4. f4 d5 5. exd5 Qxd5 6. Nf3 Bf5 7. Nc3 Qd7 8. Na4 Qd6 9. Ne5 Nf6 10. Ba3 Nb4 11. d3 b5 12. Nc3 e6 13. Be2 Be7 14. Bb2 O-O 15. O-O h6 16. a4 Nbd5 17. axb5 Ne3 18. Nc4 Nxd1 19. Nxd6 Nxc3 20. Nxf5 Nxe2+ 21. Kf2 exf5 22. Kxe2 axb5 23. Kf3 Nd5 24. Rae1 Bd6 25. g3 Rfe8 26. Be5 Bxe5 27. fxe5 Nb4 28. Re2 Nc6 29. Kf4 Nd4 0-1


[Site "https://www.chess.com"]

[Event "Titled Tuesday Blitz January 25 2022"]
[White "Hoghmrtsyan, Artur"]
[Black "Obolenskikh, Dmitry"]
[WhiteFideId "13306685"]
[BlackFideId "4156013"]
[WhiteElo "2624"]
[BlackElo "2512"]
[Result "0-1"]
[Round "10"]
[TimeControl "180+1"]
[Date "2022.01.26"]
[WhiteClock "0:00:01"]
[BlackClock "0:00:18"]

1. d4 d5 2. c4 e6 3. Nf3 c6 4. e3 Nf6 5. Nc3 Nbd7 6. Qc2 b6 7. b3 Bb7 8. Bd3 Be7 9. O-O O-O 10. Bb2 h6 11. Rfd1 Qc7 12. e4 dxe4 13. Nxe4 Nxe4 14. Bxe4 Nf6 15. Bd3 c5 16. Qe2 Rad8 17. Rac1 cxd4 18. Nxd4 a6 19. Bb1 Rd6 20. b4 Rfd8 21. c5 bxc5 22. bxc5 Rd5 23. c6 Ba8 24. h3 Bc5 25. Nf3 Rxd1+ 26. Rxd1 Rxd1+ 27. Qxd1 Bxc6 28. Ne5 Bxg2 29. Kxg2 Qb7+ 30. Kg3 Qxb2 31. Nd3 Qd4 32. Kg2 g6 33. Qc2 Bb6 34. Qb3 Kg7 35. Qc2 Nd5 0-1


[Site "https://www.chess.com"]

[Event "Titled Tuesday Blitz January 25 2022"]
[White "Ibrahimli, Murad"]
[Black "Liyanage, Ranindu Dilshan"]
[WhiteFideId "13410229"]
[BlackFideId "9915834"]
[WhiteElo "2109"]
[BlackElo "1858"]
[Result "1-0"]
[Round "10"]
[TimeControl "180+1"]
[Date "2022.01.26"]
[WhiteClock "0:00:52"]
[BlackClock "0:00:03"]

1. e4 e6 2. d3 d5 3. Nd2 Nf6 4. g3 Be7 5. Bg2 O-O 6. Ngf3 a5 7. O-O a4 8. a3 c5 9. Re1 Nc6 10. e5 Nd7 11. Nf1 f6 12. exf6 Bxf6 13. Ne3 Nde5 14. Nxe5 Nxe5 15. f4 Ng6 16. Ng4 Bd7 17. c3 Qc7 18. d4 Ne7 19. Nxf6+ gxf6 20. dxc5 Nf5 21. g4 Qxc5+ 22. Kh1 Nh4 23. Be3 Qc6 24. Bd4 Nxg2 25. Kxg2 Rae8 26. Qd3 e5 27. fxe5 fxe5 28. Bxe5 d4+ 29. Kg3 dxc3 30. Bxc3 Qc7+ 31. Kh3 Bxg4+ 32. Kxg4 Rf4+ 33. Kh3 Qc8+ 34. Kg2 Qc6+ 35. Kg3 Ref8 36. Rf1 Qc7 37. Qd5+ R8f7 38. Rxf4 Qxf4+ 39. Kg2 Qg4+ 40. Kh1 Qf4 1-0


[Site "https://www.chess.com"]

[Event "Titled Tuesday Blitz January 25 2022"]
[White "Iskusnyh, Sergei"]
[Black "Pakleza, Zbigniew"]
[WhiteFideId "4120027"]
[BlackFideId "1119290"]
[WhiteElo "2492"]
[BlackElo "2467"]
[Result "1/2-1/2"]
[Round "10"]
[TimeControl "180+1"]
[Date "2022.01.26"]
[WhiteClock "0:00:28"]
[BlackClock "0:00:07"]

1. d4 d5 2. c4 c6 3. Nf3 Nf6 4. e3 Bf5 5. Nc3 e6 6. Nh4 Be4 7. f3 Bg6 8. Bd2 Nbd7 9. Nxg6 hxg6 10. Qc2 Bd6 11. O-O-O Qc7 12. Kb1 O-O-O 13. cxd5 exd5 14. Rc1 Kb8 15. e4 dxe4 16. fxe4 Bf4 17. e5 Bxd2 18. Qxd2 Nxe5 19. Nb5 Qb6 20. Qf4 cxb5 21. Qxe5+ Qd6 22. Bxb5 Qxe5 23. dxe5 Ng4 24. e6 fxe6 25. h3 Ne3 26. Rhe1 Nxg2 27. Rxe6 a6 28. Bf1 Nf4 29. Re7 Rc8 30. Rxg7 Rxc1+ 31. Kxc1 Re8 32. Kd2 Re6 33. h4 b5 34. Rf7 Re4 35. a3 Nd5 36. Bg2 Rxh4 37. Bxd5 Rd4+ 38. Kc3 Rxd5 39. Rf6 g5 40. Rxa6 Kb7 41. Rg6 Rf5 42. Kb4 Ka7 43. Ka5 Kb7 44. Rg7+ Kc6 45. Rg6+ Kc5 46. b4+ Kd4 47. a4 bxa4+ 48. Kxa4 Ke4 49. b5 Kf4 50. b6 Rf8 51. b7 Rb8 52. Rf6+ Ke3 53. Rf7 g4 54. Kb5 g3 55. Kc6 g2 56. Rg7 Kf2 57. Kc7 Rxb7+ 58. Kxb7 g1=Q 59. Rxg1 Kxg1 1/2-1/2


[Site "https://www.chess.com"]

[Event "Titled Tuesday Blitz January 25 2022"]
[White "Jaracz, Pawel"]
[Black "Howell, David W L"]
[WhiteFideId "1102222"]
[BlackFideId "410608"]
[WhiteElo "2429"]
[BlackElo "2559"]
[Result "0-1"]
[Round "10"]
[TimeControl "180+1"]
[Date "2022.01.26"]
[WhiteClock "0:00:08"]
[BlackClock "0:00:19"]

1. e4 b6 2. d4 Bb7 3. Nd2 e6 4. Bd3 Nf6 5. Ne2 c5 6. c3 Be7 7. O-O O-O 8. e5 Nd5 9. Ne4 cxd4 10. cxd4 d6 11. f4 Nc6 12. a3 Rc8 13. Bd2 Qd7 14. Qe1 dxe5 15. fxe5 f5 16. exf6 Nxf6 17. Bc3 Nxe4 18. Rxf8+ Rxf8 19. Bxe4 Bd6 20. Qh4 h6 21. Qg4 Qf7 22. d5 Ne5 23. Qg3 exd5 24. Bxe5 Bxe5 25. Qxe5 Qf2+ 26. Kh1 dxe4 27. Ng3 e3 28. Rg1 Kh7 29. h3 Rf6 30. Kh2 Rg6 31. b4 e2 32. Qf5 Qxg3+ 0-1


[Site "https://www.chess.com"]

[Event "Titled Tuesday Blitz January 25 2022"]
[White "Jones, Gawain C B"]
[Black "Yaksin, Oleg"]
[WhiteFideId "409561"]
[BlackFideId "24105880"]
[WhiteElo "2657"]
[BlackElo "2256"]
[Result "1-0"]
[Round "10"]
[TimeControl "180+1"]
[Date "2022.01.26"]
[WhiteClock "0:01:00"]
[BlackClock "0:00:02"]

1. d4 Nf6 2. g3 e6 3. Bg2 c5 4. Nf3 Nc6 5. O-O Be7 6. c4 cxd4 7. Nxd4 O-O 8. Nc3 a6 9. b3 d5 10. cxd5 exd5 11. Bb2 Bg4 12. h3 Bh5 13. Nf5 d4 14. Ne4 Re8 15. Nxe7+ Qxe7 16. Nxf6+ Qxf6 17. g4 Bg6 18. e3 Rad8 19. Rc1 Be4 20. f3 Bg6 21. e4 Qd6 22. Qd2 f6 23. Rfe1 Qg3 24. Qf2 Qf4 25. Red1 h5 26. Qd2 Qg3 27. Rc5 hxg4 28. hxg4 Kf7 29. Qf2 Qf4 30. Bc1 Qd6 31. Rd5 Qb4 32. Rxd8 Rxd8 33. f4 Kg8 34. e5 fxe5 35. f5 Bf7 36. g5 Qe7 37. g6 Bd5 38. Bxd5+ Rxd5 39. Qh2 Qf6 40. Qh5 e4 41. Bg5 Qe5 42. Qh7+ Kf8 43. Qh8# 1-0


[Site "https://www.chess.com"]

[Event "Titled Tuesday Blitz January 25 2022"]
[White "Kamsky, Gata"]
[Black "Gnechko, Ruslan"]
[WhiteFideId "2000024"]
[BlackFideId "14135868"]
[WhiteElo "2645"]
[BlackElo "2289"]
[Result "1-0"]
[Round "10"]
[TimeControl "180+1"]
[Date "2022.01.26"]
[WhiteClock "0:00:07"]
[BlackClock "0:00:01"]

1. e4 c6 2. d3 d5 3. Nf3 g6 4. e5 Bg7 5. d4 Bg4 6. Nbd2 e6 7. h3 Bxf3 8. Nxf3 Nd7 9. c3 Ne7 10. Bd3 c5 11. h4 h6 12. O-O Nc6 13. a3 cxd4 14. cxd4 Rc8 15. Be3 Nb6 16. Qe2 O-O 17. Rac1 Na5 18. h5 g5 19. Nh2 Nac4 20. Ng4 Qe7 21. f4 Nxe3 22. Qxe3 Rxc1 23. Rxc1 Rc8 24. Rxc8+ Nxc8 25. fxg5 Qxg5 26. Qxg5 hxg5 27. Kf2 Ne7 28. Ke3 Nc6 29. Bb5 Ne7 30. Bd3 Nc6 31. b4 a6 32. b5 axb5 33. Bxb5 Ne7 34. a4 b6 35. Nh2 f6 36. exf6 Bxf6 37. g4 Kf7 38. Bd7 e5 39. dxe5 Bxe5 40. Nf3 Kf6 41. Nxe5 Kxe5 42. h6 d4+ 43. Kd3 Ng6 44. h7 Nh8 45. Be8 Kd5 46. Bd7 Nf7 47. Bf5 Ne5+ 48. Kc2 Nf7 49. Kb3 Kc5 50. Be4 Nh8 51. Bf5 Nf7 52. Kc2 Kd5 53. Bg6 Nh8 54. Bd3 Kc5 55. Bb5 Ng6 56. Kd3 Kd5 57. Be8 Nh8 58. Bd7 Ng6 59. Bf5 Ne5+ 60. Kd2 Nf7 61. Kc2 Kc5 62. Kd3 Kd5 63. Be4+ Kc5 64. Bf5 Kd5 65. Bc8 Ne5+ 66. Kd2 Nf7 67. Bb7+ Kc5 68. Kd3 Nh8 69. Ke4 Kc4 70. Kf5 d3 71. Ba6+ Kd4 72. Kxg5 d2 73. Be2 Ke5 74. Kh6 Kf6 75. g5+ Kf7 76. Kh5 Kg7 77. Kg4 Ng6 78. Kf3 Ne5+ 79. Ke3 1-0


[Site "https://www.chess.com"]

[Event "Titled Tuesday Blitz January 25 2022"]
[White "Kim, Sergey"]
[Black "Bauer, Thomas"]
[WhiteFideId "13700570"]
[BlackFideId "1639293"]
[WhiteElo "2608"]
[BlackElo "2220"]
[Result "0-1"]
[Round "10"]
[TimeControl "180+1"]
[Date "2022.01.26"]
[WhiteClock "0:00:04"]
[BlackClock "0:00:15"]

1. d4 f5 2. c4 Nf6 3. g3 e6 4. Bg2 d5 5. Nd2 Be7 6. Nh3 O-O 7. O-O Kh8 8. Qc2 c6 9. Nf3 Bd7 10. Nf4 Ne4 11. Rb1 a5 12. b3 Na6 13. a3 Qe8 14. c5 Nc7 15. Ne5 Bf6 16. Nfd3 Nb5 17. e3 Qe7 18. f3 Ng5 19. a4 Nc7 20. Bd2 Be8 21. b4 axb4 22. Rxb4 Na6 23. Rb6 Ra7 24. Rfb1 Qc7 25. Ba5 Qc8 26. Bd2 Bd8 27. R6b2 Qa8 28. Nf4 Nc7 29. Ra2 Nf7 30. Nfd3 g6 31. Bc3 Bf6 32. Nxf7+ Rxf7 33. Nb4 Bd7 34. Kh1 Bc8 35. e4 fxe4 36. fxe4 dxe4 37. Bxe4 Nd5 38. Nxd5 exd5 39. Bd3 Bh3 40. Re1 Bg7 41. a5 Qf8 42. Qd2 Bh6 43. Qe2 Ra8 44. Kg1 Kg8 45. Raa1 Bg7 46. Qd2 Rf3 47. Bf1 Bh6 48. Qe2 Bg4 49. Qc2 Bf5 50. Qb2 Be4 51. Bg2 Be3+ 52. Kh1 Rf2 53. Qxf2 Bxf2 54. Bxe4 Bxe1 55. Rxe1 dxe4 56. d5 cxd5 57. c6 bxc6 58. a6 Rxa6 59. Kg2 Ra2+ 60. Kh3 Qf5+ 0-1


[Site "https://www.chess.com"]